 Dungeon Crawl Stone Soup version 0.27-a0-1384-g1422d76b99 (webtiles) character file.

Game seed: 3690546702352518288

280 sagitran the Poker (level 6, -12/48 HPs)
             Began as a Demonspawn Chaos Knight on June 30, 2021.
             Was a Plaything of Xom.
             Mangled by Blork the orc (16 damage)
             ... on level 4 of the Dungeon.
             The game lasted 00:12:41 (2741 turns).

sagitran the Poker (Demonspawn Chaos Knight)        Turns: 2741, Time: 00:12:42

Health: -12/48     AC:  6    Str: 16    XL:     6   Next: 5%
Magic:  6/6        EV: 12    Int: 13    God:    Xom [.*....]
Gold:   102        SH:  0    Dex: 15    Spells: 4/5 levels left

rFire    . . .     SeeInvis .   a - +0 spear (chaos)
rCold    . . .     Faith    +   (no shield)
rNeg     . . .     Spirit   .   b - +2 leather armour
rPois    .         Reflect  .   (no helmet)
rElec    .         Harm     .   (no cloak)
rCorr    .         Rampage  .   (no gloves)
Will     .....                  r - +0 pair of boots
Stlth    +.........             f - amulet of faith
HPRegen  0.16/turn              (no ring)
MPRegen  0.10/turn              (no ring)

@: flying
A: hooves 2, powered by pain 1, agile 1, strong 1
a: Renounce Religion


You were on level 4 of the Dungeon.
You worshipped Xom.
You were a plaything of Xom.
You visited 1 branch of the dungeon, and saw 5 of its levels.

You collected 102 gold pieces.

Inventory:

Hand Weapons
 a - a +0 spear of chaos (weapon)
Missiles
 c - 8 boomerangs (quivered)
Armour
 b - a +2 leather armour (worn)
 m - a +0 plate armour
 r - a +0 pair of boots (worn)
Jewellery
 f - an amulet of faith (around neck)
 l - a +6 ring of strength
Scrolls
 e - a scroll of brand weapon {unknown}
 h - 3 scrolls of identify {unknown}
 k - a scroll of vulnerability {unknown}
 p - a scroll of immolation {unknown}
 q - a scroll of torment {unknown}
Potions
 g - a potion of brilliance
 i - 2 potions of might {unknown}
 j - a potion of cancellation {unknown}
 n - 2 potions of curing {unknown}
 o - a potion of lignification {unknown}


   Skills:
 + Level 4.0 Fighting
 + Level 4.5 Polearms
 + Level 2.8 Armour
 + Level 2.2 Dodging
 + Level 0.6 Stealth


You had 4 spell levels left.
You knew the following spells:

 Your Spells              Type           Power      Damage    Failure   Level
a - Animate Skeleton      Necr           0%         N/A       36%         1

Your spell library contained the following spells:

 Spells                   Type           Power      Damage    Failure   Level
 Apportation              Tloc           0%         N/A       36%         1
 Corona                   Hex            0%         N/A       36%         1
 Summon Small Mammal      Summ           0%         N/A       36%         1


Dungeon Overview and Level Annotations

Branches:
Dungeon (5/15)
 Temple: D:4-7

Altars:
Ashenzari
Fedhas
Ru
Uskayaw
Xom
Zin
The Shining One

Annotations:
D:4 Blork the orc


Innate Abilities, Weirdness & Mutations

You have hoof-like feet.
You sometimes gain a little power by taking damage.
You are agile. (Dex +2)
Your muscles are strong. (Str +2)


Message History

You reach to attack!
You hit Blork the orc but do no damage. Blork the orc barely misses you.
Reach: a) +0 spear (chaos)
Press: ? - help, Dir - move target, f/p - Blork the orc
Aim: Blork the orc, wielding a +0 trident and wearing a +0 robe (about 31% to evade your +0 spear of chaos)
You reach to attack!
You barely miss Blork the orc.
Reach: a) +0 spear (chaos)
Press: ? - help, Dir - move target, f/p - Blork the orc
Aim: Blork the orc, wielding a +0 trident and wearing a +0 robe (about 31% to evade your +0 spear of chaos)
You reach to attack!
You hit Blork the orc. You burn Blork the orc.
Blork the orc is moderately wounded.
Blork the orc hits you from afar with a +0 trident!
Reach: a) +0 spear (chaos)
Press: ? - help, Dir - move target, f/p - Blork the orc
Aim: Blork the orc, wielding a +0 trident and wearing a +0 robe (moderately wounded, about 31% to evade your +0 spear of chaos)
You reach to attack!
You hit Blork the orc.
Blork the orc goes berserk!
Blork the orc is moderately wounded.
Blork the orc hits you from afar with a +0 trident.
Blork the orc barely misses you.
Reach: a) +0 spear (chaos)
Press: ? - help, Dir - move target, f/p - Blork the orc
Aim: Blork the orc, wielding a +0 trident and wearing a +0 robe (moderately wounded, berserk, about 31% to evade your +0 spear of chaos)
You reach to attack!
You hit Blork the orc.
Blork the orc is moderately wounded.
Blork the orc hits you from afar with a +0 trident!
Reach: a) +0 spear (chaos)
Press: ? - help, Dir - move target, f/p - Blork the orc
Aim: Blork the orc, wielding a +0 trident and wearing a +0 robe (moderately wounded, berserk, about 31% to evade your +0 spear of chaos)
You reach to attack!
You hit Blork the orc.
Blork the orc is poisoned.
Blork the orc is heavily wounded.
Blork the orc hits you from afar with a +0 trident!
* * * LOW HITPOINT WARNING * * *
It was a potion of flight.
You feel very buoyant.
You fly up into the air.
Blork the orc hits you from afar with a +0 trident!
* * * LOW HITPOINT WARNING * * *
Blork the orc hits you from afar with a +0 trident!
You die...
Xom howls with laughter!

######### . ........#
#########.# ........#
##.........# ........#
##.........## ........#
#....<......# .....o..#
#.....(.....#
........####...........#
.......@...(#.........##
.........###.##.†.#...##.
........# #........####.
##.###### ########.# #.
#...###### ... # #.#...P..#
########
#.#P.P...#######.......
#.#P._.Pb........######
#####.#P...P..#########....


You could see Blork the orc (berserk, very poisoned).

Vanquished Creatures
  A water moccasin skeleton (D:4)
  A centaur skeleton (D:4)
  An orc priest (D:4)
  An orc wizard (D:4)
  2 adders (D:2)
  A shadow imp (D:4)
  A dart slug (D:3)
  3 orcs
  5 endoplasms
  A giant cockroach (D:1)
  7 goblins
  3 hobgoblins
  3 jackals (D:1)
  2 quokkas
  7 ball pythons
  5 bats
  2 frilled lizards
  10 kobolds
  5 rats
61 creatures vanquished.

Vanquished Creatures (collateral kills)
  An ogre (D:4)
  An iguana (D:4)
  An orc wizard (D:4)
  An endoplasm (D:2)
  2 kobolds (D:4)
6 creatures vanquished.

Vanquished Creatures (others)
  A goblin (D:4)
  8 fungi (D:4)
  3 plants (D:4)
12 creatures vanquished.

Grand Total: 79 creatures vanquished

Notes
Turn   | Place    | Note
-------+----------+-------------------------------------------
     0 | D:1      | sagitran the Demonspawn Chaos Knight began the quest for
                  | the Orb.
     0 | D:1      | Reached XP level 1. HP: 18/18 MP: 1/1
    76 | D:1      | XOM: silly message
   158 | D:1      | XOM: divination: detect items
   165 | D:1      | Gained mutation: You have large cloven feet. [demonic
                  | ancestry]
   165 | D:1      | Reached XP level 2. HP: 23/24 MP: 2/2
   351 | D:1      | Reached skill level 1 in Dodging
   379 | D:1      | XOM: silly message
   386 | D:1      | XOM: enchant monster (bad)
  1058 | D:1      | Found a faded altar of an unknown god.
  1166 | D:2      | Gained mutation: You have hoof-like feet. [demonic
                  | ancestry]
  1166 | D:2      | Reached XP level 3. HP: 29/29 MP: 3/3
  1301 | D:2      | XOM: 2-stop teleportation journey
  1545 | D:2      | XOM: summons 1 hostile demon
  1642 | D:2      | XOM: 1-stop teleportation journey
  1703 | D:3      | XOM: god gift: plate armour {god gift}
  1806 | D:3      | Found a hide-covered altar of Uskayaw.
  1841 | D:3      | XOM: 1-stop teleportation journey
  1861 | D:4      | Found a sacrificial altar of Ru.
  1869 | D:4      | Reached XP level 4. HP: 35/35 MP: 4/4
  1883 | D:4      | Found a blossoming altar of Fedhas.
  1896 | D:4      | XOM: scenery: summon butterflies
  1932 | D:4      | Noticed an ogre
  1937 | D:4      | XOM: summons friendly sixfirhy
  1941 | D:4      | Killed an ogre
  1942 | D:4      | Gained mutation: You sometimes gain a little power by
                  | taking damage. [demonic ancestry]
  1942 | D:4      | Reached XP level 5. HP: 38/41 MP: 5/5
  1976 | D:4      | Found a shimmering altar of Xom.
  1993 | D:5      | Entered Level 5 of the Dungeon
  2006 | D:4      | XOM: give mutations
  2006 | D:4      | Gained mutation: You are agile. (Dex +2) [Xom's grace]
  2006 | D:4      | Gained mutation: Your muscles are strong. (Str +2) [Xom's
                  | grace]
  2050 | D:4      | Found a broken altar of Ashenzari.
  2059 | D:4      | XOM: potion effect (brilliance)
  2076 | D:4      | XOM: potion effect (heal wounds)
  2115 | D:4      | XOM: god gift: scroll labelled RYILINEXEO {god gift}
  2207 | D:4      | Reached XP level 6. HP: 20/48 MP: 6/6
  2231 | D:4      | XOM: silly message
  2646 | D:3      | Learned a level 1 spell: Animate Skeleton
  2732 | D:4      | Noticed Blork the orc
  2741 | D:4      | Mangled by Blork the orc

Illustrated notes

Levels and vault maps discovered:
D:1:      wander_arrival_peaceful_grave, layout_basic,
          shapermc_ecumenical_altar_mp_vishouse, minmay_split_cup_small
D:2:      layout_basic
D:3:      layout_loops_corners, general_overflow_altar,
          nicolae_overflow_hidden_temple
D:4:      layout_rooms, old_standard_altar, fedhas_altar_3, xom_confusion_cloud,
          lemuel_round_altar, kennysheep_mini_moat, uniq_blork_the_orc
D:5:      layout_basic, minmay_temple_entry_statues_fountains, serial_shops,
          nicolae_take_the_stairs, chequers_serial_rivers_small_3

Skill      XL: |  1  2  3  4  5 |
---------------+----------------+-----
Polearms       | 3 4 |  4.5
Dodging        | 1 2 |  2.2
Armour         | 2 |  2.8
Fighting       | 4 |  4.0
Stealth        | |  0.6

Action                   |  1- 3 |  4- 6 || total
-------------------------+-------+-------++-------
Melee: Spear             |   139 |    77 ||   216
       Kick              |    18 |     8 ||    26
Throw: Boomerang         |       |     2 ||     2
  Use: Potion            |       |     2 ||     2
       Scroll            |       |     1 ||     1
 Stab: Sleeping          |       |     2 ||     2
Armor: Leather armour    |    45 |    17 ||    62
Dodge: Dodged            |    74 |    34 ||   108

Table legend: (Time is in decaauts)
 A = Elapsed time spent in this place.
 B = Non-inter-level travel time spent in this place.
 C = Inter-level travel time spent in this place.
 D = Time resting spent in this place.
 E = Time spent auto-exploring this place.
 F = Levels seen in this place.
 G = Mean time per level.
                   A        B        C        D        E       F      G
               +--------+--------+--------+--------+--------+-----+--------+
         Total |   2725 |   2725 |      0 |    512 |    740 |   5 |  545.0 |
       Dungeon |   2725 |   2725 |      0 |    512 |    740 |   5 |  545.0 |
               +--------+--------+--------+--------+--------+-----+--------+

Top non-repeatable levels by time:
     D:1: 1199 daAuts
     D:4: 643 daAuts
     D:2: 468 daAuts
     D:3: 399 daAuts
     D:5: 15 daAuts
